 Dungeon Crawl Stone Soup version 0.24-a0-517-gd52e2fb918 (webtiles) character file.

Game seed: 18438899129012176469

1810 Arthanis the Cleaver (level 9, 0/57 HPs)
             Began as a Gargoyle Berserker on July 22, 2019.
             Was a Priest of Trog.
             Slain by an orc warrior
             ... wielding a +0 trident
              (17 damage)
             ... on level 7 of the Dungeon.
             The game lasted 00:07:29 (4348 turns).

Arthanis the Cleaver (Gargoyle Berserker)           Turns: 4348, Time: 00:07:29

Health: 0/57       AC: 12    Str: 21    XL:     9   Next: 10%
Magic:  9/9        EV: 12    Int: 15    God:    Trog [***...]
Gold:   241        SH:  0    Dex:  9    Spells: 8/8 levels left

rFire    + . .     SeeInvis .   b - +2 trident "Busket Qee" {flame, rC+ rN+ Int+4}
rCold    + . .     Gourm    .   (no shield)
rNeg     + + .     Faith    .   D - +0 animal skin
rPois    ∞         Spirit   .   (no helmet)
rElec    +         Reflect  .   H - +0 cloak
rCorr    .         Harm     .   C - +0 pair of gloves
MR       .....                  G - +0 pair of boots
Stlth    +.........             i - amulet of magic regeneration
HPRegen  0.19/turn              I - ring of protection from fire
MPRegen  0.36/turn              (no ring)

@: berserk cooldown, slowed, very slow
A: negative energy resistance 1, electricity resistance, unbreathing,
petrification resistance, rot immunity, AC +6
a: Berserk, Trog's Hand, Renounce Religion


You were on level 7 of the Dungeon.
You worshipped Trog.
Trog was most pleased with you.
You were hungry.

You visited 1 branch of the dungeon, and saw 7 of its levels.

You collected 357 gold pieces.
You spent 116 gold pieces at shops.

Inventory:

Hand Weapons
 a - a +0 hand axe
 b - the +2 trident "Busket Qee" (weapon) {flame, rC+ rN+ Int+4}
   (You found it on level 5 of the Dungeon)

   It has been specially enchanted to burn those struck by it, causing extra
   injury to most foes and up to half again as much damage against particularly
   susceptible opponents.
   It affects your intelligence (+4).
   It protects you from cold.
   It protects you from negative energy.
 d - a +1 dagger of holy wrath
 j - a +2 spear of pain
Armour
 C - a +0 pair of gloves (worn)
 D - a +0 animal skin (worn)
 G - a +0 pair of boots (worn)
 H - a +0 cloak (worn)
Jewellery
 i - an amulet of magic regeneration (around neck)
 I - a ring of protection from fire (left hand)
Wands
 f - a wand of flame (12)
 g - a wand of digging (5)
 y - a wand of clouds (2)
Scrolls
 h - 5 scrolls of blinking
 k - 2 scrolls of random uselessness
 m - a scroll of enchant weapon
 o - 3 scrolls of teleportation
 t - a scroll of amnesia
 v - 3 scrolls of noise
 w - 3 scrolls of fog
 J - a scroll of fear
Potions
 l - a potion of ambrosia {unknown}
 n - a potion of agility
 p - 2 potions of flight {unknown}
 q - a potion of haste {unknown}
 r - 3 potions of heal wounds
 s - a potion of berserk rage {unknown}
 u - 2 potions of curing {unknown}
 x - a potion of might {unknown}
 z - a potion of cancellation {unknown}
 A - a potion of invisibility {unknown}
 B - a potion of brilliance {unknown}
 E - a potion of degeneration {unknown}
 L - a potion of mutation {unknown}
Comestibles
 c - 9 rations
 F - 5 chunks of flesh


   Skills:
 + Level 7.2 Fighting
 * Level 8.1 Axes
 - Level 6.0 Armour
 - Level 2.0 Dodging


You had 8 spell levels left.
You didn't know any spells.
Your spell library contained the following spells:

 Spells                   Type           Power        Failure   Level  Hunger
 Animate Skeleton         Necr           N/A          26%         1    ##.....
 Pain                     Necr           #...         26%         1    ##.....
 Regeneration             Chrm/Necr      #.........   63%         3    ####...
 Vampiric Draining        Necr           #.........   63%         3    ####...
 Animate Dead             Necr           N/A          95%         4    #####..


Dungeon Overview and Level Annotations

Branches:
Dungeon (7/15)
 Temple: D:4-7

Altars:
Dithmenos
Nemelex Xobeh

Shops:
D:6 [


Innate Abilities, Weirdness & Mutations

You are resistant to torment.
Your stone body is resilient. (AC +6)
You are immune to poison.
You resist negative energy. (rN+)
You are resistant to electric shocks. (rElec)
You can survive without breathing.
You are immune to petrification.
You are immune to rotting.


Message History

The howler monkey hits you but does no damage.
The orc warrior hits you from afar with a +0 trident!
The orc barely misses you. The orc closely misses you.
The ogre barely misses you.
You are too injured to fight recklessly!
You are too injured to fight recklessly!
You are too injured to fight recklessly!
You are too injured to fight recklessly!
You are too injured to fight recklessly!
You are too injured to fight recklessly!
You are too injured to fight recklessly!
Unknown command.
The orc closely misses you. The howler monkey closely misses you.
The howler monkey zombie hits you.
* * * LOW HITPOINT WARNING * * *
The orc closely misses you.
The orc warrior hits you but does no damage.
The orc hits you but does no damage. The howler monkey closely misses you.
The orc warrior hits you with a +0 trident!
You die...

#....).<##÷<##
#.......##...# .
##.#....##...##
##.##..##....#....##
.......#...........#
......#..###....#.....
#.###...#......#.....
#...#..##..###........
#......##@##...)......
.###.##...Ohoo#...#......
............Zo...##.##.
................## #
.......#.)÷.........
......†.....S##.##..
.................# .
................##
...........!......


You could see an orc warrior, an ogre, a howler monkey, an adder (wandering), 2
orcs and a howler monkey zombie.

Vanquished Creatures
  Grinder (D:5)
  Eustachio (D:5)
  An ice beast (D:6)
  2 sky beasts
  2 ogres
  2 phantoms
  A centaur (D:5)
  A scorpion (D:6)
  3 killer bees (D:7)
  4 howler monkeys
  A crimson imp (D:5)
  2 bullfrog zombies
  3 hounds
  2 orc wizards (D:6)
  3 hound skeletons (D:4)
  2 worker ant zombies
  3 adders
  2 oozes
  An adder skeleton (D:5)
  An adder zombie (D:5)
  2 worms
  2 dart slugs (D:1)
  5 leopard geckos
  4 orcs
  2 ball pythons
  A bat (D:3)
  A giant cockroach (D:1)
  9 goblins
  6 hobgoblins
  9 jackals
  2 quokkas
  4 frilled lizards (D:2)
  8 kobolds
  A quokka skeleton (D:6)
  11 rats
105 creatures vanquished.

Notes
Turn   | Place    | Note
-------+----------+-------------------------------------------
     0 | D:1      | Arthanis the Gargoyle Berserker began the quest for the
                  | Orb.
     0 | D:1      | Reached XP level 1. HP: 14/14 MP: 1/1
    62 | D:1      | Reached XP level 2. HP: 11/19 MP: 2/2
   182 | D:1      | Reached skill level 3 in Axes
   263 | D:1      | Reached XP level 3. HP: 6/23 MP: 3/3
   844 | D:2      | Reached ** piety under Trog
  1188 | D:2      | Found a sparkling altar of Nemelex Xobeh.
  1253 | D:3      | Reached XP level 4. HP: 16/29 MP: 4/4
  2202 | D:4      | Reached XP level 5. HP: 23/33 MP: 5/5
  2267 | D:4      | Noticed a phantom
  2322 | D:4      | Killed a phantom
  2322 | D:4      | Reached skill level 4 in Axes
  2752 | D:5      | Entered Level 5 of the Dungeon
  2791 | D:5      | Noticed a centaur
  2800 | D:5      | Killed a centaur
  2800 | D:5      | Reached XP level 6. HP: 32/39 MP: 6/6
  2929 | D:5      | Got an iridescent trident
  2930 | D:5      | Identified the cursed +2 trident "Busket Qee" {flame, rC+
                  | rN+ Int+4} (You found it on level 5 of the Dungeon)
  2934 | D:5      | Noticed Eustachio
  2951 | D:5      | Killed Eustachio
  2951 | D:5      | Reached skill level 5 in Fighting
  2951 | D:5      | Reached skill level 5 in Axes
  2951 | D:5      | Reached XP level 7. HP: 31/44 MP: 7/7
  3108 | D:5      | Found a sparkling altar of Nemelex Xobeh.
  3176 | D:5      | Found a shadowy altar of Dithmenos.
  3178 | D:5      | Noticed Grinder
  3198 | D:5      | Killed Grinder
  3198 | D:5      | Reached skill level 6 in Axes
  3198 | D:5      | Reached skill level 5 in Armour
  3393 | D:6      | Reached XP level 8. HP: 42/51 MP: 8/8
  3441 | D:6      | Found Koq Ypn's Armour Boutique.
  3444 | D:6      | Bought a +0 pair of boots for 58 gold pieces
  3444 | D:6      | Bought a +0 cloak for 58 gold pieces
  3813 | D:6      | Reached *** piety under Trog
  4064 | D:6      | Reached skill level 7 in Axes
  4324 | D:7      | Reached XP level 9. HP: 57/57 MP: 9/9
  4337 | D:7      | Reached skill level 8 in Axes
  4348 | D:7      | Slain by an orc warrior

Levels and vault maps discovered:
D:1:      psy_arrival_dodecagon, layout_basic
D:2:      layout_loops_ring, nemelex_lonely_heart_becter
D:3:      layout_basic, small_statue_intersection
D:4:      layout_basic
D:5:      layout_loops_ring, kennysheep_mini_moat, first_ration,
          nemelex_xobeh_ov_fountains_minmay, uniq_grinder, uniq_eustachio
D:6:      layout_loops_corners, serial_shops, nicolae_shop_behind_doors
D:7:      layout_cave_pools, minmay_temple_entry_glass, serial_shops, shop

Skill      XL: |  1  2  3  4  5  6  7  8  9 |
---------------+----------------------------+-----
Axes           | 3 4 5 6 7 8 |  8.1
Dodging        | 2 |  2.0
Armour         | 3 4 5 6 |  6.0
Fighting       | 4 5 7 |  7.2

Action                   |  1- 3 |  4- 6 |  7- 9 || total
-------------------------+-------+-------+-------++-------
Melee: Hand axe          |   140 |   101 |    11 ||   252
       Spear             |       |    40 |       ||    40
       Trident           |       |    14 |   147 ||   161
Invok: Berserk           |     1 |     3 |     6 ||    10
       Trog's Hand       |       |       |     1 ||     1
  Use: Scroll            |       |     8 |     4 ||    12
 Stab: Sleeping          |     1 |     1 |       ||     2
  Eat: Chunk             |     2 |     4 |     8 ||    14
       Ration            |       |     1 |     1 ||     2
Armor: Animal skin       |    38 |    37 |    84 ||   159
Dodge: Dodged            |    95 |    85 |   119 ||   299

Table legend:
 A = Non-vault XP
 B = Vault XP
 C = Vault XP percentage of total XP
 D = Non-vault monster count
 E = Vault monster count
 F = Vault count percentage of total count
                 A         B        C        D         E       F
            +---------+---------+-------+---------+---------+-------
      Total |    2091 |     495 |  19.1 |     103 |       2 |   1.9
            +---------+---------+-------+---------+---------+-------
        D:1 |      38 |       0 |   0.0 |      17 |       0 |   0.0
        D:2 |      39 |       0 |   0.0 |      23 |       0 |   0.0
        D:3 |      25 |       0 |   0.0 |      12 |       0 |   0.0
        D:4 |     210 |       0 |   0.0 |      14 |       0 |   0.0
        D:5 |     337 |     495 |  59.5 |      10 |       2 |  16.7
        D:6 |     788 |       0 |   0.0 |      18 |       0 |   0.0
        D:7 |     654 |       0 |   0.0 |       9 |       0 |   0.0
            +---------+---------+-------+---------+---------+-------
